 Dungeon Crawl Stone Soup version 0.21.1-1-g345015f (webtiles) character file.

442 letownia2 the Magician (level 7, -1/49 HPs)
             Began as a Merfolk Wizard on Mar 19, 2018.
             Slain by an orc
             ... wielding a +0 mace
              (5 damage)
             ... on level 4 of the Dungeon.
             The game lasted 00:07:57 (1124 turns).

letownia2 the Magician (Merfolk Wizard)             Turns: 1124, Time: 00:07:58

Health: -1/49      AC:  3    Str: 10    XL:     7   Next: 2%
Magic:  3/14       EV: 13    Int: 17    God:
Gold:   106        SH:  0    Dex: 12    Spells: 4/15 levels left

rFire    . . .     SeeInvis .   n - +2 dagger (venom)
rCold    . . .     Gourm    .   (no shield)
rNeg     . . .     Faith    +   a - +0 robe
rPois    .         Spirit   .   b - +0 hat
rElec    .         Reflect  .   (no cloak)
rCorr    .         Harm     .   (no gloves)
MR       .....                  f - +0 pair of boots
Stlth    +.........             k - amulet of faith
HPRegen  0.16/turn              (no ring)
MPRegen  0.14/turn              (no ring)

@: confused, very slightly contaminated
A: change form in water, swift swim, stealthy swim
a: no special abilities


You were on level 4 of the Dungeon.
You were hungry.

You visited 1 branch of the dungeon, and saw 5 of its levels.

You collected 106 gold pieces.

Inventory:

Hand Weapons
 e - a +0 dagger
 i - a +0 hunting sling
 n - a +2 dagger of venom (weapon)
 o - a +2 falchion of holy wrath
Missiles
 j - 32 stones (quivered)
 p - 4 javelins
Armour
 a - a +0 robe (worn)
 b - a +0 hat (worn)
 f - a +0 pair of boots (worn)
 g - a +0 leather armour
 l - a +0 scale mail
Jewellery
 k - an amulet of faith (around neck)
Potions
 m - a potion of mutation {unknown}
Books
 c - a book of Minor Magic

   Spells                             Type                      Level
   a - Magic Dart                     Conjuration                  1
   b - Blink                          Translocation                2
   c - Call Imp                       Summoning                    2
   d - Slow                           Hexes                        2
   e - Conjure Flame                  Conjuration/Fire             3
   f - Mephitic Cloud                 Conjuration/Poison/Air       3
Comestibles
 d - 6 rations


   Skills:
 + Level 1.9 Fighting
 - Level 1.1 Short Blades
 - Level 2.6 Dodging
 - Level 2.1 Stealth
 + Level 4.8 Spellcasting
 - Level 2.2 Conjurations
 - Level 2.2 Summonings
 - Level 1.3 Translocations
 - Level 1.1 Fire Magic
 - Level 1.1 Air Magic
 - Level 1.5 Poison Magic


You had 4 spell levels left.
You knew the following spells:

 Your Spells              Type           Power        Failure   Level  Hunger
a - Magic Dart            Conj           ##..         5%          1    None
b - Blink                 Tloc           N/A          12%         2    #......
c - Conjure Flame         Conj/Fire      ##......     22%         3    ###....
e - Mephitic Cloud        Conj/Pois/Air  #.......     22%         3    ###....
i - Call Imp              Summ           ##......     9%          2    #......


Dungeon Overview and Level Annotations

Branches:
Dungeon (5/15)
 Temple: D:4-7

Altars:
Fedhas
Gozag
Ru
Vehumet


Message History

It was a potion of curing.
You feel better.
You are engulfed in noxious fumes.
You choke on the stench!
You are confused.
* * * LOW HITPOINT WARNING * * *
The orc priest is engulfed in noxious fumes.
The orc priest appears confused.
The howler monkey skeleton barely misses you.
You hit the howler monkey skeleton.
You destroy the howler monkey skeleton!
You are engulfed in noxious fumes.
You choke on the stench!
You are more confused.
* * * LOW HITPOINT WARNING * * *
The orc hits you with a mace.
* * * LOW HITPOINT WARNING * * *
You're too confused to move!
You are engulfed in noxious fumes.
You choke on the stench!
You are more confused.
* * * LOW HITPOINT WARNING * * *
The orc hits you with a mace.
You die...

#............#
#............#
#..>.........#
#............#
#............#
#............#
#.ยง..........#
###oo#########
#.).@# #a####
...Z..........#
.......h.o.....
...............
...............
...............
...............
....#..........


You could see a worker ant (confused), an orc priest (confused) and an orc.

Vanquished Creatures
  Eustachio (D:5)
  The ghost of Curus the Changer, an amateur MfTm (D:4)
  A hound (D:4)
  An orc priest (D:4)
  2 orc wizards (D:4)
  A howler monkey skeleton (D:4)
  2 adders (D:4)
  2 dart slugs
  A leopard gecko (D:2)
  5 orcs
  3 giant cockroaches
  5 goblins
  2 hobgoblins
  A quokka (D:5)
  3 bats
  2 frilled lizards
  3 rats
36 creatures vanquished.

Notes
Turn   | Place    | Note
-------+----------+-------------------------------------------
     0 | D:1      | letownia2 the Merfolk Wizard began the quest for the Orb.
     0 | D:1      | Reached XP level 1. HP: 13/13 MP: 4/4
    45 | D:1      | Reached skill level 1 in Conjurations
   238 | D:3      | Noticed an orc priest
   245 | D:2      | Found a blossoming altar of Fedhas.
   253 | D:2      | Reached XP level 2. HP: 19/19 MP: 0/6
   289 | D:1      | Learned a level 2 spell: Call Imp
   478 | D:3      | Reached XP level 3. HP: 21/24 MP: 7/7
   483 | D:3      | Learned a level 3 spell: Mephitic Cloud
   600 | D:4      | Found a radiant altar of Vehumet.
   600 | D:4      | Found a sacrificial altar of Ru.
   602 | D:4      | Found an opulent altar of Gozag.
   752 | D:3      | Reached skill level 1 in Poison Magic
   849 | D:4      | Reached skill level 1 in Air Magic
   849 | D:4      | Reached XP level 4. HP: 30/30 MP: 1/8
   874 | D:4      | Learned a level 3 spell: Conjure Flame
   971 | D:4      | Reached skill level 1 in Short Blades
   971 | D:4      | Reached XP level 5. HP: 28/35 MP: 5/9
   979 | D:4      | Noticed Curus's ghost (amateur MfTm)
   987 | D:4      | Killed Curus's ghost
   987 | D:4      | Reached skill level 4 in Spellcasting
   987 | D:4      | Reached XP level 6. HP: 28/41 MP: 4/12
   994 | D:4      | Learned a level 2 spell: Blink
  1066 | D:5      | Entered Level 5 of the Dungeon
  1066 | D:5      | Noticed Eustachio
  1075 | D:5      | Killed Eustachio
  1075 | D:5      | Reached skill level 1 in Fighting
  1075 | D:5      | Reached skill level 1 in Translocations
  1075 | D:5      | Reached skill level 1 in Fire Magic
  1104 | D:4      | Reached XP level 7. HP: 29/49 MP: 9/14
  1124 | D:4      | Slain by an orc

Skill      XL: |  1  2  3  4  5  6 |
---------------+-------------------+-----
Conjurations   | 1 2 |  2.2
Poison Magic   | 1 |  1.5
Air Magic      | 1 |  1.1
Summonings     | 2 |  2.2
Short Blades   | 1 |  1.1
Spellcasting   | 4 |  4.8
Fighting       | 1 |  1.9
Translocations | 1 |  1.3
Fire Magic     | 1 |  1.1
Dodging        | |  2.6
Stealth        | |  2.1

Action                   |  1- 3 |  4- 6 |  7- 9 || total
-------------------------+-------+-------+-------++-------
Melee: Dagger            |    83 |    27 |    14 ||   124
       Unarmed           |    12 |       |       ||    12
Throw: Javelin           |     6 |       |       ||     6
 Cast: Magic Dart        |    54 |     3 |       ||    57
       Mephitic Cloud    |     2 |     3 |     2 ||     7
       Conjure Flame     |       |     1 |       ||     1
  Use: Potion            |       |       |     1 ||     1
 Stab: Sleeping          |     1 |       |       ||     1
       Confused          |     1 |     2 |       ||     3
  Eat: Chunk             |       |     1 |       ||     1
Armor: Robe              |    28 |     2 |       ||    30
Dodge: Dodged            |    88 |     9 |    13 ||   110
